 Dungeon Crawl Stone Soup version 0.31.0-11-ge490571c62 (webtiles) character file.

Game seed: 7446599746639024739

130 qw the Shooter (level 4, 0/23 HPs)
             Began as a Spriggan Hunter on Feb 3, 2024.
             Succumbed to Terence's poison
             ... on level 2 of the Dungeon.
             The game lasted 00:00:26 (1344 turns).

qw the Shooter (Spriggan Hunter)                    Turns: 1344, Time: 00:00:27

Health: 0/23       AC:  2    Str:  7    XL:     4   Next: 90%
Magic:  5/5        EV: 20    Int: 10    God:
Gold:   97         SH:  0    Dex: 20    Spells: 3/3 levels left

rFire   . . .        a - +0 shortbow (chaos)
rCold   . . .        (shield currently unavailable)
rNeg    . . .        c - +0 robe
rPois   .            (helmet restricted)
rElec   .            (no cloak)
rCorr   .            (gloves unavailable)
SInv    +            (boots unavailable)
Will    .....        (no amulet)
Stlth   ++           (no ring)
HPRegen 0.23/turn    (no ring)
MPRegen 0.09/turn

%: no passive effects
@: lethally poisoned (0 -> -1), very quick
A: very small, no large weapons, unfitting armour, see invisible, speed 3
a: no special abilities


You were on level 2 of the Dungeon.
You visited 1 branch of the dungeon, and saw 2 of its levels.

You collected 97 gold pieces.


Innate Abilities, Weirdness & Mutations

You are very small and have problems with some larger weapons.
You are too small for most types of armour.
You have supernaturally acute eyesight. (SInv)
You cover ground extremely quickly. (Speed+++)


   Skills:
 - Level 2.1 Fighting
 + Level 5.0 Ranged Weapons
 - Level 5.0 Dodging
 - Level 1.5 Stealth


You had 3 spell levels left.
You didn't know any spells.
Your spell library was empty.

Inventory:

Hand Weapons
 a - a +0 shortbow of chaos (weapon)
Armour
 c - a +0 robe (worn)
Jewellery
 f - a ring of ice
Wands
 h - a wand of quicksilver (8)
Scrolls
 b - a scroll of immolation {unknown}
 d - a scroll of acquirement {unknown}
Potions
 e - a potion of mutation {unknown}
 g - a potion of curing {unknown}

Dungeon Overview and Level Annotations

Branches:
Dungeon (2/15)

Altars:


Message History

1325 ||| FLEEEEING.
1326 ||| FLEEEEING.
You start resting.
Terence is nearby!
You shoot an arrow. The arrow hits Terence.
Terence is poisoned.
Terence is moderately wounded.
Terence zaps a wand.
The puff of flame misses you.
You shoot an arrow. The arrow hits Terence.
Terence flies into a frenzy!
Terence is heavily wounded.
Terence barely misses you.
Terence is nearby!
Terence misses you.
Terence is nearby!
Terence misses you. Terence completely misses you.
Terence is nearby!
Terence closely misses you.
Terence is nearby!
Terence hits you with a +1 flail of venom.
You are lethally poisoned!
Terence closely misses you.
There is a lethal amount of poison in your body!
You feel very sick. Terence barely misses you.
There is a lethal amount of poison in your body!
You feel very sick. Terence misses you. Terence barely misses you.
There is a lethal amount of poison in your body!
You feel sick.
You kill Terence!
Your Fighting skill increases to level 2!
There is a lethal amount of poison in your body!
You feel sick.
There is a lethal amount of poison in your body!
You feel sick.
There is a lethal amount of poison in your body!
You feel sick.
There is a lethal amount of poison in your body!
You feel sick.
There is a lethal amount of poison in your body!
You die...

#.....................#######
##..................#........
#)......###.###.###.<........
#.......# #...#...#..........
#.......#.#.###.###.#.#######
#...................#.#
#...................#.#
##......###.###.###...# ...
#.. #@#.#.### ## ##.###)#.#.#
.@..........# #############


There were no monsters in sight!

Vanquished Creatures
  Jessica (D:2)
  Terence (D:2)
  An adder (D:2)
  A dart slug (D:2)
  A ribbon worm (D:2)
  2 ball pythons (D:1)
  A bat (D:2)
  4 endoplasms (D:1)
  3 giant cockroaches (D:1)
  9 goblins
  5 hobgoblins
  10 jackals
  3 kobolds
  3 quokkas (D:2)
  4 frilled lizards
  11 rats
60 creatures vanquished.

Notes
Turn   | Place    | Note
-------+----------+-------------------------------------------
     0 | D:1      | qw the Spriggan Hunter began the quest for the Orb.
     0 | D:1      | Reached XP level 1. HP: 10/10 MP: 2/2
     0 | D:1      | 0 ||| qw: Version: 0.3-a-155-g5e7d8dd
     0 | D:1      | 0 ||| qw: Game counter: 3372
     0 | D:1      | 0 ||| qw: Melee chars always use a shield: true
     0 | D:1      | 0 ||| qw: God list: Okawaru
     0 | D:1      | 0 ||| qw: Allow faded altars: false
     0 | D:1      | 0 ||| qw: Do Orc after clearing Dungeon:15 true
     0 | D:1      | 0 ||| qw: Do second Lair branch before Depths: true
     0 | D:1      | 0 ||| qw: Lair rune preference: random
     0 | D:1      | 0 ||| qw: Goals: Normal
     0 | D:1      | 0 ||| PLANNING D:1-11
    91 | D:1      | Reached skill level 3 in Dodging
   144 | D:1      | Reached XP level 2. HP: 14/14 MP: 3/3
   507 | D:1      | Reached XP level 3. HP: 18/18 MP: 4/4
   887 | D:1      | 887 ||| DROPPING ring of wizardry.
   888 | D:1      | 888 ||| READING 2 scrolls labelled MOZUHOHOW.
   889 | D:1      | 889 ||| READING scroll labelled FUTOERR HIDA.
   890 | D:1      | 890 ||| READING scroll labelled VYMILL MAZUG.
   895 | D:1      | 895 ||| READING scroll labelled DIDIDO TOMPE.
   895 | D:1      | 895 ||| BRANDING +0 shortbow.
   896 | D:1      | 896 ||| READING scroll labelled WIG JIELYOD.
   930 | D:1      | 930 ||| READING scroll labelled ECYSSA ACARYEMP.
   930 | D:1      | 930 ||| IDENTIFYING puce potion
   931 | D:1      | 931 ||| DROPPING scroll of butterflies.
   932 | D:1      | 932 ||| DROPPING scroll of noise.
   933 | D:1      | 933 ||| DROPPING potion of degeneration.
  1167 | D:2      | Reached XP level 4. HP: 14/22 MP: 5/5
  1226 | D:2      | Noticed Jessica
  1228 | D:2      | Killed Jessica
  1323 | D:2      | Noticed Terence
  1325 | D:2      | 1325 ||| FLEEEEING.
  1326 | D:2      | 1326 ||| FLEEEEING.
  1339 | D:2      | HP: 5/22 [poisoned by Terence]
  1339 | D:2      | Killed Terence
  1342 | D:2      | HP: 2/23 [poisoned by Terence]
  1344 | D:2      | Succumbed to Terence's poison

Levels and vault maps discovered:
D:1:      sevenhm_arrival_forest_fort_small_6, layout_basic
D:2:      layout_rooms, minmay_misc_feat_nine_boxes, uniq_terence, uniq_jessica

Skill      XL: |  1  2  3  4 |
---------------+-------------+-----
Dodging        | 3 4 5 |  5.0
Ranged Weapons | 5 |  5.0
Fighting       | 2 |  2.1
Stealth        | |  1.5

Action                     |  1- 3 |  4- 6 || total
---------------------------+-------+-------++-------
   Fire: Shortbow          |   134 |     8 ||   142
    Use: Scroll            |     6 |       ||     6
 Armour: Robe              |     8 |     2 ||    10
  Dodge: Dodged            |    41 |    10 ||    51

Table legend:
 A = Non-vault XP
 B = Vault XP
 C = Vault XP percentage of total XP
 D = Non-vault monster count
 E = Vault monster count
 F = Vault count percentage of total count
                 A         B        C        D         E       F
            +---------+---------+-------+---------+---------+-------
      Total |     114 |      73 |  39.0 |      58 |       2 |   3.3
            +---------+---------+-------+---------+---------+-------
        D:1 |      60 |       0 |   0.0 |      36 |       0 |   0.0
        D:2 |      54 |      73 |  57.5 |      22 |       2 |   8.3
            +---------+---------+-------+---------+---------+-------
